 Dungeon Crawl Stone Soup version 0.25.0-11-g1f837a76a1 (webtiles) character file.

Game seed: 18230377427878324435

67 Delamore the Skirmisher (level 4, 0/30 HPs)
             Began as a Gargoyle Fighter on June 27, 2020.
             Slain by Sigmund
             ... wielding a +2 vorpal scythe
              (7 damage)
             ... on level 2 of the Dungeon.
             The game lasted 00:00:53 (1134 turns).

Delamore the Skirmisher (Gargoyle Fighter)          Turns: 1134, Time: 00:00:54

Health: 0/30       AC: 10    Str: 21    XL:     4   Next: 16%
Magic:  4/4        EV:  7    Int:  8    God:
Gold:   76         SH:  9    Dex:  9    Spells: 3/3 levels left

rFire    . . .     SeeInvis .   a - +0 flail
rCold    . . .     Gourm    .   c - +0 kite shield
rNeg     + . .     Faith    .   b - +0 scale mail
rPois    ∞         Spirit   .   (no helmet)
rElec    +         Reflect  .   (no cloak)
rCorr    .         Harm     .   (no gloves)
MR       .....                  (no boots)
Stlth    ..........             (no amulet)
HPRegen  0.10/turn              (no ring)
MPRegen  0.09/turn              (no ring)

@: no status effects
A: negative energy resistance 1, electricity resistance, unbreathing,
petrification resistance, rot immunity, AC +3
a: no special abilities


You were on level 2 of the Dungeon.
You were not hungry.

You visited 1 branch of the dungeon, and saw 2 of its levels.

You collected 76 gold pieces.

Inventory:

Hand Weapons
 a - a +0 flail (weapon)
Armour
 b - a +0 scale mail (worn)
 c - a +0 kite shield (worn)
Jewellery
 e - an uncursed ring of protection from cold {unknown}
Scrolls
 g - 2 scrolls of fog {unknown}
 i - a scroll of random uselessness {unknown}
 k - a scroll of identify {unknown}
 l - a scroll of fear {unknown}
 o - 2 scrolls of teleportation {unknown}
Potions
 d - a potion of might
 j - a potion of invisibility {unknown}
 m - a potion of haste {unknown}
 n - 2 potions of cancellation {unknown}
 p - a potion of heal wounds {unknown}
Comestibles
 f - 2 rations
 h - 8 chunks of flesh


   Skills:
 + Level 4.4 Fighting
 + Level 3.3 Maces & Flails
 - Level 3.2 Armour
 - Level 3.2 Shields


You had 3 spell levels left.
You didn't know any spells.
Your spell library was empty.

Dungeon Overview and Level Annotations

Branches:
Dungeon (2/15)

Altars:

Annotations:
D:2 Sigmund


Innate Abilities, Weirdness & Mutations

You are resistant to torment.
Your stone body is resilient. (AC +3)
You are immune to poison.
You resist negative energy. (rN+)
You are resistant to electric shocks. (rElec)
You can survive without breathing.
You are immune to petrification.
You are immune to rotting.


Message History

Your shield and scale mail prevent you from hitting something.
Something hits you.
You closely miss something. Something hits you.
You barely miss something.
You hear some strange, mumbled words.
Something tries to affect you, but you resist.
You closely miss something. You block something's attack.
You closely miss something. Something hits you but does no damage.
You miss something. Something hits you.
You miss something.
You hear some strange, mumbled words.
You are confused.
You closely miss something. Something hits you but does no damage.
You bump into the rock wall.
You miss something. Something hits you but does no damage. Something hits you.
* * * LOW HITPOINT WARNING * * *
x2 You feel less confused.
Something hits you!
You die...

##.# ##.## #..#
#.# #.## #.#
#.# #.#
###.###.#####.#
#.............#
#.#####.#######
#@# #{# #.# #.#
#.. ###


There were no monsters in sight!

Vanquished Creatures
  Terence (D:2)
  An adder (D:2)
  An ooze (D:1)
  A giant cockroach (D:1)
  5 goblins (D:1)
  3 hobgoblins (D:2)
  3 jackals (D:2)
  A quokka (D:2)
  3 bats (D:1)
  A frilled lizard (D:2)
  5 kobolds (D:1)
  2 rats (D:1)
27 creatures vanquished.

Notes
Turn   | Place    | Note
-------+----------+-------------------------------------------
     0 | D:1      | Delamore the Gargoyle Fighter began the quest for the Orb.
     0 | D:1      | Reached XP level 1. HP: 14/14 MP: 1/1
   336 | D:1      | Reached XP level 2. HP: 19/19 MP: 2/2
   908 | D:2      | Noticed Terence
   917 | D:2      | Killed Terence
   917 | D:2      | Reached skill level 4 in Fighting
   917 | D:2      | Reached XP level 3. HP: 19/24 MP: 3/3
  1036 | D:2      | Reached XP level 4. HP: 24/30 MP: 4/4
  1110 | D:2      | Noticed Sigmund
  1134 | D:2      | Slain by Sigmund

Illustrated notes

Levels and vault maps discovered:
D:1:      dpeg_arrival_round_a, layout_basic
D:2:      wander_river, layout_loops_ring, minmay_tromino_v4_b, uniq_sigmund,
          uniq_terence

Skill      XL: |  1  2 |
---------------+-------+-----
Fighting       | 4 |  4.4
Maces & Flails | 3 |  3.3
Armour         | |  3.2
Shields        | |  3.2

Action                   |  1- 3 |  4- 6 || total
-------------------------+-------+-------++-------
Melee: Flail             |   110 |    29 ||   139
  Eat: Chunk             |       |     1 ||     1
Armor: Scale mail        |    69 |    20 ||    89
Dodge: Dodged            |    48 |     3 ||    51
Block: Kite shield       |    71 |     7 ||    78
